 Dungeon Crawl Stone Soup version 0.28-a0-655-g4eb62b627b (webtiles) character file.

Game seed: 1025042777676307721

3269 cheechan the Covert (level 10, -5/66 HPs)
             Began as an Octopode Fighter on Oct 12, 2021.
             Was an Elder of Dithmenos.
             Slain by a hornet (10 damage)
             ... on level 8 of the Dungeon on Oct 13, 2021.
             The game lasted 00:32:05 (7356 turns).

cheechan the Covert (Octopode Fighter)              Turns: 7356, Time: 00:32:06

Health: -5/66      AC:  5    Str: 17    XL:     10   Next: 0%
Magic:  10/10      EV: 15    Int: 10    God:    Dithmenos [****..]
Gold:   254        SH:  8    Dex: 14    Spells: 9/9 levels left

rFire   + . .      SeeInvis .   y - +5 quick blade
rCold   x . .      Faith    +   b - +3 buckler
rNeg    . . .      Spirit   .   (helmet restricted)
rPois   .          Reflect  .   k - amulet of faith
rElec   .          Harm     .   h - +4 ring of protection
rCorr   .          Rampage  .   O - ring of fire
Will    .....                   (no ring)
Stlth   +++++++++.              (no ring)
HPRegen 0.21/turn               (no ring)
MPRegen 0.12/turn               (no ring)
                                (no ring)
                                (no ring)

@: lethally poisoned (-5 -> -15), slowed, wreathed by umbra, studying Shields,
very slow
A: almost no armour, amphibious, 8 rings, camouflage 1, gelatinous body 1,
(nimble swimmer 1), tentacles
a: Renounce Religion, Shadow Step


You were on level 8 of the Dungeon.
You worshipped Dithmenos.
Dithmenos was greatly pleased with you.
You visited 2 branches of the dungeon, and saw 9 of its levels.

You collected 254 gold pieces.

Inventory:

Hand Weapons
 a - a +1 rapier
 d - a +0 falchion
 f - a +0 dagger
 p - a +0 short sword
 t - a +2 vorpal hunting sling
 v - a +0 shortbow
 w - a +2 dagger of venom
 y - a +5 quick blade (weapon)
 C - a +0 long sword
 G - a +4 hand axe
 L - a +0 scimitar of venom
 M - a +5 great sword
 N - a +5 mace
 Q - a +0 halberd of venom
Missiles
 e - 205 stones
 i - 54 bolts
 u - 2 throwing nets
 x - 25 poisoned darts
 A - 51 arrows
 B - 94 sling bullets
 K - 2 javelins
Armour
 b - a +3 buckler (worn)
 m - a +0 scale mail of willpower
 o - a +0 buckler
Jewellery
 h - a +4 ring of protection (left tentacle)
 k - an amulet of faith (around mantle)
 O - a ring of fire (right tentacle)
Wands
 r - a wand of iceblast (6)
 s - a wand of polymorph (6)
 D - a wand of flame (41) (quivered)
 E - a wand of digging (15)
 J - a wand of paralysis (11)
Scrolls
 l - 2 scrolls of noise
 n - 2 scrolls of teleportation
 F - a scroll of immolation
 H - 2 scrolls of fog
 I - a scroll of summoning
Potions
 c - 2 potions of might
 g - a potion of flight {unknown}
 q - 3 potions of brilliance
 z - a potion of attraction {unknown}
 P - a potion of heal wounds {unknown}
 R - a potion of haste {unknown}


   Skills:
 + Level 5.4 Fighting
 + Level 7.9 Short Blades
 + Level 5.3 Dodging
 + Level 12.2 Stealth
 + Level 5.0 Shields


You had 9 spell levels left.
You didn't know any spells.
Your spell library contained the following spells:

 Spells                   Type           Power      Damage    Failure   Level
 Summon Ice Beast         Ice/Summ       0%         N/A       98%         4
 Summon Forest            Summ/Tloc      0%         N/A       100%        5
 Monstrous Menagerie      Summ           0%         N/A       100%        7


Dungeon Overview and Level Annotations

Branches:
Dungeon (8/15)             Temple (1/1) D:6
   Lair: D:8-11

Altars:
Ashenzari
Cheibriados
Dithmenos
Elyvilon
Hepliaklqana
Kikubaaqudgha
Makhleb
Nemelex Xobeh
Okawaru
Ru
Uskayaw
Vehumet
Wu Jian
Zin

Shops:
D:6 :


Innate Abilities, Weirdness & Mutations

You cannot wear most types of armour.
You are amphibious.
You can wear up to eight rings at the same time.
Your skin changes colour to match your surroundings (Stealth+).
Your rubbery body absorbs attacks. (AC +1, EV +1)
((You are camouflaged near water. (Stealth+)))
You have tentacles for arms and can constrict up to eight enemies at once.


Message History

Things that are here:
a +0 war axe; an orc corpse You closely miss the orc.
Your grab misses the orc. You squeeze the orc.
The orc is severely wounded.
Your shadow hits the orc with a quick blade.
You kill the orc!
Dithmenos accepts your kill.
A hornet comes into view.
Things that are here:
a +0 flail; a +0 leather armour; an orc corpse
Found 17 gold pieces.
The hornet stings you.
You are poisoned.
You feel yourself slow down. The hornet stings you.
You feel as though you will be slow longer.
You hit the hornet. Your grab misses the hornet.
The hornet is lightly wounded.
You feel sick.
You hit the hornet. Your grab misses the hornet.
The hornet is lightly wounded.
Your shadow barely misses the hornet.
You feel sick. You block the hornet's attack.
You hit the hornet. Your grab misses the hornet.
The hornet is lightly wounded.
The hornet stings you!
You suddenly lose the ability to move!
You feel sick. The hornet stings you!
You shrug off the repeated paralysis!
You feel sick. The hornet stings you.
You feel as though you will be slow longer.
The hornet stings you.
You feel as though you will be slow longer.
You feel sick. The hornet stings you!
* * * LOW HITPOINT WARNING * * *
You feel as though you will be slow longer.
You can move again.
You feel better. The hornet stings you!
* * * LOW HITPOINT WARNING * * *
You are lethally poisoned!
You feel as though you will be slow longer.
The hornet stings you!
You die...

#............#
#..)#..#......
#..<...#......
#..).[........
#.......#....
##......)# ##.
#.|....).#$#
#..#.......#...
#####..@y......
##....#....
####.#.... .#
... .. .. ...
... #..


You could see a hornet.

Vanquished Creatures
  A centaur zombie (D:7)
  A water moccasin (D:6)
  2 orc warriors
  2 sky beasts (D:5)
  A necrophage (D:5)
  4 black bears
  4 ogres
  A centaur (D:6)
  A phantom (D:6)
  4 bullfrogs
  A gnoll sergeant (D:3)
  A scorpion (D:5)
  8 wights
  An electric eel (D:6)
  3 hounds
  A jelly (D:7)
  4 orc priests
  2 bullfrog skeletons
  A scorpion zombie (D:5)
  4 iguanas
  3 orc wizards
  10 gnolls
  9 adders
  An ufetubus (D:6)
  An adder zombie (D:2)
  2 adder skeletons
  3 worms
  4 dart slugs
  27 orcs
  12 ball pythons
  A bat skeleton (D:2)
  6 endoplasms
  A giant cockroach (D:3)
  5 goblins
  7 hobgoblins
  2 quokkas
  A ball python zombie (D:2)
  4 bats
  7 frilled lizards
  5 kobolds
  6 rats
164 creatures vanquished.

Vanquished Creatures (collateral kills)
  A goblin (D:2)
1 creature vanquished.

Vanquished Creatures (others)
  A withered plant (D:2)
1 creature vanquished.

Grand Total: 166 creatures vanquished

Notes
Turn   | Place    | Note
-------+----------+-------------------------------------------
     0 | D:1      | cheechan the Octopode Fighter began the quest for the Orb.
     0 | D:1      | Reached XP level 1. HP: 16/16 MP: 1/1
   308 | D:1      | Reached XP level 2. HP: 19/21 MP: 2/2
   337 | D:1      | Found a faded altar of an unknown god.
   340 | D:1      | Prayed at the altar of an unknown god.
   340 | D:1      | Became a worshipper of Dithmenos the Shadowed
   340 | D:1      | Reached * piety under Dithmenos
   493 | D:1      | Reached XP level 3. HP: 17/26 MP: 3/3
  1051 | D:2      | Reached XP level 4. HP: 27/31 MP: 4/4
  1337 | D:2      | Reached skill level 1 in Stealth
  1489 | D:2      | Reached ** piety under Dithmenos
  1642 | D:2      | Reached XP level 5. HP: 36/36 MP: 5/5
  1932 | D:3      | Reached skill level 2 in Stealth
  2260 | D:3      | Reached skill level 3 in Stealth
  2260 | D:3      | Reached XP level 6. HP: 41/43 MP: 6/6
  2476 | D:3      | Reached skill level 4 in Stealth
  2821 | D:3      | Reached XP level 7. HP: 44/47 MP: 7/7
  2921 | D:3      | Reached *** piety under Dithmenos
  3351 | D:4      | HP: 1/48 [orc priest/divine providence (12)]
  3926 | D:4      | Reached skill level 5 in Stealth
  4318 | D:4      | Identified a scroll of acquirement
  4318 | D:4      | Acquired a +4 quick blade
  4570 | D:4      | Reached skill level 5 in Short Blades
  4780 | D:5      | Entered Level 5 of the Dungeon
  4863 | D:5      | Found a white marble altar of Elyvilon.
  4914 | D:5      | Reached skill level 6 in Stealth
  4914 | D:5      | Reached XP level 8. HP: 54/54 MP: 8/8
  5051 | D:5      | Reached skill level 7 in Stealth
  5314 | D:5      | Reached skill level 8 in Stealth
  5342 | D:6      | Reached **** piety under Dithmenos
  5373 | D:6      | Got the Papyrus of Calling
  5385 | D:6      | Found a shadowy altar of Dithmenos.
  5417 | D:6      | Found Repy's Self-Improvement Boutique.
  5459 | D:6      | Reached skill level 5 in Dodging
  5459 | D:6      | Reached skill level 9 in Stealth
  5459 | D:6      | Reached XP level 9. HP: 60/60 MP: 9/9
  5548 | D:6      | Reached skill level 5 in Fighting
  5577 | D:6      | Reached skill level 10 in Stealth
  5840 | D:6      | Found a staircase to the Ecumenical Temple.
  5851 | Temple   | Entered the Ecumenical Temple
  6746 | D:7      | Found an ornate altar of the Wu Jian Council.
  6978 | D:7      | Reached skill level 11 in Stealth
  7000 | D:7      | Found a sparkling altar of Nemelex Xobeh.
  7188 | D:7      | Reached skill level 12 in Stealth
  7339 | D:8      | Reached skill level 5 in Shields
  7341 | D:8      | Reached XP level 10. HP: 66/66 MP: 10/10
  7352 | D:8      | Paralysed by a hornet for 3 turns
  7356 | D:8      | Slain by a hornet

Illustrated notes

Levels and vault maps discovered:
D:1:      beargit_arrival_greenhouse, layout_rooms,
          shapermc_ecumenical_altar_venn
D:2:      layout_basic, serial_undead, serial_undead_c, serial_undead_d,
          serial_undead_a, serial_undead_a
D:3:      layout_basic, grunt_ministairs_1, chequers_serial_rivers_micro_d,
          cheibrodos_gnoll_hut
D:4:      layout_gridville, moated_statue
D:5:      layout_basic, nicolae_overflow_hidden_temple
D:6:      cheibrodos_helix_gallery, layout_basic, kennysheep_little_box,
          minmay_temple_entry_waves, nicolae_shop_self_help
D:7:      layout_basic, nemelex_spade_bored_becter, general_overflow_altar
D:8:      layout_cave_pools, grunt_temple_overflow_forces_of_nature,
          lemuel_crystal_altar, dk_yredelemnul_ordeal, david_lair_shrubbed,
          hex_medium
Temple:   jpeg_temple_alley_garden

Skill      XL: |  1  2  3  4  5  6  7  8  9 |
---------------+----------------------------+-----
Dodging        | 4 5 |  5.3
Stealth        | 1 3 4 6 9 12 | 12.2
Short Blades   | 3 4 5 6 7 |  7.9
Fighting       | 4 5 |  5.4
Shields        | 4 5 |  5.0

Action                   |  1- 3 |  4- 6 |  7- 9 | 10-12 || total
-------------------------+-------+-------+-------+-------++-------
Melee: Rapier            |    59 |    99 |       |       ||   158
       Constrict         |    16 |    23 |    39 |       ||    78
       Tentacles         |    10 |    15 |    51 |     1 ||    77
       Dagger            |       |       |    49 |       ||    49
       Quick blade       |       |       |   180 |     5 ||   185
Invok: Shadow Step       |       |     1 |       |       ||     1
  Use: Scroll            |     3 |     5 |     9 |       ||    17
       Potion            |       |       |     1 |     1 ||     2
 Stab: Sleeping          |     2 |    14 |    30 |     1 ||    47
Armor: Skin              |     8 |    15 |    14 |       ||    37
Dodge: Dodged            |    54 |    65 |    62 |       ||   181
Block: Buckler           |    15 |    27 |    45 |     2 ||    89

Table legend: (Time is in decaauts)
 A = Elapsed time spent in this place.
 B = Non-inter-level travel time spent in this place.
 C = Inter-level travel time spent in this place.
 D = Time resting spent in this place.
 E = Time spent auto-exploring this place.
 F = Levels seen in this place.
 G = Mean time per level.
                   A        B        C        D        E       F      G
               +--------+--------+--------+--------+--------+-----+--------+
         Total |   7237 |   7237 |      0 |   1909 |      0 |   9 |  804.1 |
       Dungeon |   7128 |   7128 |      0 |   1909 |      0 |   8 |  891.0 |
        Temple |    108 |    108 |      0 |      0 |      0 |   1 |  108.0 |
               +--------+--------+--------+--------+--------+-----+--------+

Top non-repeatable levels by time:
     D:4: 1757 daAuts
     D:3: 1076 daAuts
     D:6: 1071 daAuts
     D:1: 1006 daAuts
     D:2: 931 daAuts
     D:7: 749 daAuts
     D:5: 518 daAuts
  Temple: 108 daAuts
     D:8: 16 daAuts
